[Event "MCC Labor Day Schev 2024"]
[Site "New York"]
[Date "2024.09.02"]
[Round "8.8"]
[White "Sloan, Jed"]
[Black "Khodzhamkuliev, Bahadur"]
[Result "1/2-1/2"]
[ECO "B51"]
[WhiteElo "2039"]
[BlackElo "2187"]
[Annotator "TA"]
[PlyCount "158"]
[EventDate "2024.08.28"]
[EventType "schev"]
[EventCountry "USA"]
[SourceTitle "playchess.com"]
[Source "ChessBase"]
[SourceQuality "1"]
[TimeControl "5400+30"]

1. e4 c5 2. Nf3 d6 3. Bb5+ Nd7 4. O-O Ngf6 5. Re1 a6 6. Bd3 {[%emt 0:01:47] B51: Sicilian: Moscow Variation (3 Bb5+) without 3...Bd7.} g6 7. c3 Bg7 8. Bc2 Ne5 9. d4 Nxf3+ 10. Qxf3 Nd7 11. Be3 Qc7 12. Bb3 c4 $146 ({Predecessor:} 12... O-O 13. Nd2 Rb8 14. Nf1 b5 15. dxc5 dxc5 16. Bf4 e5 17. Bc1 c4 18. Bc2 Bb7 {1-0 Kasparov,S (2453)-Bernadskiy,V (2547) Goa op 1st Taleigao 2018 (9)}) 13. Bc2 b5 14. e5 Bb7 15. exd6 Bxf3 16. dxc7 Bc6 17. Bf4 Nb6 18. Nd2 Nd5 19. Be4 Kd7 20. Bxd5 Bxd5 21. Re2 f5 22. b3 e6 23. bxc4 bxc4 24. Rb1 g5 25. Bxg5 Rhg8 26. Bd8 Rc8 27. g3 Bf8 28. f3 Bd6 29. Kf2 Bxc7 30. Bxc7 Kxc7 31. Rb4 a5 32. Rb5 Kd6 33. Rxa5 Ra8 34. Rc5 Rgc8 (34... Ra4 $142 35. a3 Rg7) 35. Rxc8 $18 Rxc8 36. Nf1 Rb8 37. Ne3 Rb1 38. Nxd5 exd5 39. Rc2 f4 40. gxf4 Ke6 41. Ke3 Kf5 42. a4 ({White should play} 42. Rg2 Re1+ 43. Kf2) 42... Re1+ (42... Rb3 $16) 43. Kf2 $18 Ra1 44. Kg3 $1 Rg1+ (44... Rxa4 $142 45. Re2 Kf6) 45. Rg2 $18 Rc1 ({Worse is} 45... Rxg2+ 46. Kxg2 Ke6 47. a5 Kd7 48. f5 h6 49. a6 Kc7 50. f6) 46. Re2 Rg1+ 47. Rg2 Rc1 48. Ra2 ({Resist} 48. Re2 $6 Rg1+ 49. Kf2 Ra1 $16) 48... Rxc3 $2 (48... Rg1+ 49. Rg2) 49. a5 $18 Rc1 50. a6 Rg1+ 51. Kf2 Rg8 52. a7 Ra8 53. Ke3 Re8+ 54. Kd2 Ra8 55. Kc3 (55. Ra6 $142 h5 56. Kc3) 55... Kxf4 $18 56. Ra5 Kxf3 57. Rxd5 Rxa7 58. Kxc4 $2 ({Better is} 58. Re5 $18) 58... Kg4 $2 (58... Ra4+ $1 $11 59. Kc3 Ra3+ 60. Kc4 Ra4+ 61. Kc3 Ra3+ 62. Kb4 Ke4) 59. Re5 $18 Ra2 (59... Kf4 {is a better defense.} 60. Re2 Kf3) 60. Re4+ $2 ({White has to play} 60. h3+ $1 $18 Kxh3 61. Rh5+ Kg4 62. Rxh7) 60... Kg5 $2 (60... Kf5 $11 61. Re5+ Kg6) 61. h4+ $2 ({White must play} 61. h3 $1 $18) 61... Kf5 $14 62. Re5+ Kf6 63. Rh5 Ra4+ $2 (63... Kg6 $1 $14 64. Rc5 Kf6) 64. Kd3 $18 Kg6 65. Rg5+ Kf6 66. Ke4 Ra1 {[%emt 0:00:29] [#]} 67. Re5 $2 (67. Rf5+ $1 $18 Ke6 68. Rh5 Re1+ 69. Kd3) 67... Re1+ $14 68. Kd5 Rd1 {[%emt 0:00:11] [#]} ({Weaker is} 68... Rxe5+ 69. dxe5+ Ke7 70. e6 h5 71. Ke5 Ke8 72. Kf6 Kf8 73. Kg6) (68... Ra1 $16 {might work better.}) 69. h5 $2 (69. Re6+ $1 $18 Kf7 70. Re4) 69... h6 $14 70. Re8 Kg5 71. Re5+ Kf6 72. Kc5 Rc1+ 73. Kd6 Ra1 74. Rc5 Ra4 $2 (74... Ra8 $14) 75. d5 $18 Ra7 76. Kc6 $2 (76. Rc3 $18 {And now Rf3+ would win.} Ra6+ 77. Kc7 Ra7+ 78. Kb6) 76... Ke5 $1 $11 77. Rb5 (77. Rc1 $5 Ra6+ $8 78. Kc5 Ra5+ 79. Kc6 Ra6+ 80. Kc5 Ra5+ 81. Kc6 Ra6+ $11) 77... Ra6+ 78. Kc5 Ra1 79. d6 Rc1+ 1/2-1/2

[Event "MCC Labor Day Schev 2024"]
[Site "New York"]
[Date "2024.09.02"]
[Round "8.9"]
[White "Hoffman, Luc"]
[Black "Zaderman, Vitaly"]
[Result "1-0"]
[ECO "A45"]
[WhiteElo "2067"]
[BlackElo "2093"]
[Annotator "TA"]
[PlyCount "75"]
[EventDate "2024.08.28"]
[EventType "schev"]
[EventCountry "USA"]
[SourceTitle "playchess.com"]
[Source "ChessBase"]
[SourceQuality "1"]
[TimeControl "5400+30"]

1. d4 Nf6 2. Bg5 d6 3. Bxf6 gxf6 4. c4 Bg7 5. Nc3 f5 6. e3 Rg8 7. g3 Nd7 8. Bg2 {[%emt 0:00:11] White is better.} Nf6 9. Nge2 c6 10. Qd3 Bd7 11. b4 Qc7 12. a4 e5 13. a5 e4 14. Qd2 c5 ({Black should try} 14... d5 $14) 15. Nb5 (15. Rb1 $142) 15... Bxb5 $16 16. cxb5 c4 17. Nc3 d5 18. O-O Qd6 (18... Rd8 $11) 19. Na4 Ke7 ({Black should play} 19... Bf8 $14) 20. Nc5 ({Better is} 20. b6 $16) 20... b6 $11 21. Na4 h5 22. Bh3 Ng4 23. f3 Nh6 (23... exf3 $11 24. Rxf3 Qe6) 24. fxe4 $18 fxe4 25. Qf2 $2 (25. Qe2 $18) 25... Bf6 {[%emt 0:00:00] [#]} (25... h4 $1 $11 {keeps the balance.}) 26. Nc5 Bg5 $11 (26... bxc5 $2 27. bxc5 $18) 27. Nd7 f6 {[%emt 0:00:00] Wards off Ne5} (27... h4 $15 {keeps the upper hand.} 28. Ne5 hxg3 (28... Qxb4 $2 29. Nc6+ Kf8 30. Nxb4 $18) 29. hxg3 f6 (29... Qxb4 $2 30. Nc6+ Kf8 31. Nxb4 $18) 30. Nc6+ Kf8) 28. axb6 $16 axb6 29. Ra6 Ng4 (29... Rxa6 $16 {might work better.} 30. bxa6 Kf7) 30. Bxg4 $18 hxg4 31. Qf5 $36 {[%emt 0:03:13][%mdl 2048] White is really pushing. Dancing on a razor blade. White is more active.} Bxe3+ $2 {[%emt 0:00:00][%mdl 8192] [#]} (31... Qxd7 $2 32. Qh7+ (32. Rxb6 $2 Bxe3+ $19) 32... Ke6 (32... Kd6 $2 33. Rxb6+ Kc7 34. Rc6+ Kd8 35. Qxg8+ $18) 33. Rxb6+ $18) (31... Qe6 $16 {was necessary.} 32. Nxf6 (32. Qh7+ Qf7 $16) 32... Bxf6 (32... Qxf6 $2 33. Qxd5 Bxe3+ 34. Kg2 $18) 33. Qxe6+ Kxe6 34. Rxb6+ Kd7 35. Rbxf6 (35. Rfxf6 Ra1+ 36. Kf2 Rga8 $11) 35... Kc7) 32. Kh1 $2 (32. Kg2 $1 $18 {and the rest is easy. Qh7+ would kill now.} Qe6 (32... Qxd7 33. Qxf6+ Ke8 34. Rxa8+) (32... Bxd4 $2 33. Qh7+ Ke6 34. Rxb6 $18) 33. Nxf6 (33. Rxb6 $2 Ra2+ $19) 33... Qxf5 34. Rxf5 (34. Nxg8+ Rxg8 35. Rxf5 Rd8 $11)) 32... Bxd4 $2 ({Not} 32... Qxd7 33. Qxf6+ Ke8 34. Rxa8+) (32... Qe6 $16 33. Nxf6 (33. Rxb6 $2 {is the wrong capture.} Qxf5 34. Rxf6 Qxd7 $19) 33... Qxf5 34. Rxf5 (34. Nxg8+ $2 Rxg8 35. Rxf5 Rd8 $19) 34... Bxd4 (34... Rxa6 $2 35. Nxg8+ Ke6 36. bxa6 $18) 35. Nxg8+ Rxg8 36. Rxd5 Bc3) 33. Qh7+ Ke6 {[%emt 0:04:30][%cal Be7e6,Be6d6,Bd6c7][%mdl 32] [#]} 34. Rxb6 $3 Qxb6 (34... Rge8 35. Qf5+) 35. Nxb6 {[%emt 0:00:09] White threatens Qd7+ and mate.} Bxb6 36. Qf5+ {[%emt 0:00:06] White mates.} Kd6 37. Qxf6+ Kc7 38. Qc6+ {[%emt 0:00:02] Weighted Error Value: White=0.46/Black=0.65.  Loses game:     	---       	Black=3      Missed win:     	White=2     	---        Mistake:       	White=3     	Black=6      Inaccurate:     	White=5     	Black=3      OK:         	White=6     	Black=5      Best:        	White=3     	Black=3} 1-0

[Event "MCC Labor Day Schev 2024"]
[Site "New York"]
[Date "2024.09.03"]
[Round "9.1"]
[White "Shangin, Lev"]
[Black "Sarkar, Justin"]
[Result "0-1"]
[ECO "E68"]
[WhiteElo "1974"]
[BlackElo "2276"]
[Annotator "TA"]
[PlyCount "82"]
[EventDate "2024.08.28"]
[EventType "schev"]
[EventCountry "USA"]
[SourceTitle "playchess.com"]
[Source "ChessBase"]
[SourceQuality "1"]
[TimeControl "5400+30"]

1. d4 Nf6 2. c4 d6 3. Nc3 Nbd7 4. g3 e5 5. Bg2 g6 6. Nf3 Bg7 7. O-O O-O 8. e4 a6 9. Re1 Rb8 10. Bf1 (10. d5 $14) 10... exd4 $11 11. Nxd4 Ne5 12. h3 {[%emt 0:06:11] Against Bg4. The position is equal.} c5 13. Nf3 Nxf3+ 14. Qxf3 Nd7 15. Qd1 Ne5 16. Be3 (16. a4 $11 {might be stronger.}) 16... Be6 $15 17. Bf4 Qd7 18. Kh2 (18. g4 $15) 18... Bxc4 $17 {[%emt 0:00:00] Black is more active.} (18... Nxc4 19. Bxc4 Bxc4 20. Bxd6 $16) 19. Bxe5 Bxf1 20. Rxf1 Bxe5 21. Qd5 Qe6 22. Rad1 Rfe8 23. Rfe1 Qxd5 24. Rxd5 f5 25. f4 Bxc3 26. bxc3 fxe4 ({Don't take} 26... Rxe4 27. Rxe4 fxe4 28. Rxd6 $17) ({Better is} 26... Rbd8 $1 $17 27. Kg2 Rxe4 (27... fxe4 28. Kf2 $17) 28. Rxe4 fxe4) 27. Rxd6 $15 Rbd8 28. Rxe4 $1 Rxd6 29. Rxe8+ {[%emt 0:00:00][%mdl 4096] Endgame. KR-KR} Kf7 30. Rc8 Rd2+ 31. Kg1 b5 (31... Rxa2 32. Rc7+ Ke6 33. Rxb7 $11) ({Black should try} 31... Ke6 $15) 32. Rxc5 $11 Rxa2 33. Rc7+ Kg8 34. Ra7 (34. Rc8+ $11 Kg7 35. Rc7+ Kg8 36. Kf1) 34... h5 (34... a5 $17 {Black wants to play ...a4.} 35. Kf1 a4) 35. g4 h4 36. f5 (36. Rb7 $11 {keeps the balance.}) 36... gxf5 $17 37. gxf5 {[%emt 0:00:00] [#]} a5 $1 {[%emt 0:00:10] White must now prevent ...a4.} 38. Rb7 $2 {[%emt 0:00:00][%mdl 8192] [#] White does not recover from this.} (38. Kf1 $17) 38... Rb2 $1 $19 39. c4 (39. Ra7 $19 a4 40. Kf1) 39... a4 {[%emt 0:00:20] Black mates.} 40. Ra7 bxc4 41. Rxa4 c3 {[%emt 0:03:26] Weighted Error Value: White=0.60/Black=0.15 (very precise) .  Loses game:     	White=1     	---        Mistake:       	White=5     	Black=3      Inaccurate:     	White=1     	---        OK:         	White=3     	Black=8      Best:        	White=3     	Black=6      Strong:       	White=1     	Black=2} 0-1

[Event "MCC Labor Day Schev 2024"]
[Site "New York"]
[Date "2024.09.02"]
[Round "9.2"]
[White "Gaw, Chloe"]
[Black "Colas, Joshua"]
[Result "0-1"]
[ECO "D31"]
[WhiteElo "1981"]
[BlackElo "2224"]
[Annotator "TA"]
[PlyCount "74"]
[EventDate "2024.08.28"]
[EventType "schev"]
[EventCountry "USA"]
[SourceTitle "playchess.com"]
[Source "ChessBase"]
[SourceQuality "1"]
[TimeControl "5400+30"]

1. d4 d5 2. c4 e6 3. Nc3 a6 4. cxd5 exd5 5. Qc2 c6 6. Bf4 Bd6 7. Bxd6 Qxd6 8. Nf3 {[%emt 0:00:43] White has an edge.} Ne7 9. e3 Bf5 10. Bd3 Bxd3 11. Qxd3 Nd7 12. O-O O-O 13. h3 a5 14. Rac1 a4 15. Qc2 b5 16. Ne2 Rac8 17. Nf4 f5 (17... a3 $11 {keeps the balance.}) 18. Nd3 $16 Ng6 19. Nc5 f4 20. Nxd7 Qxd7 21. e4 dxe4 22. Qxe4 Rfe8 23. Ne5 ({Better is} 23. Qb1 $16) 23... Nxe5 24. dxe5 Qe6 25. Qxf4 Qxa2 26. Qd4 (26. Rc2 $11) 26... Qd5 $15 27. Qxd5+ cxd5 {[%emt 0:00:24][%mdl 4096] Endgame. KRR-KRR} 28. f4 Kf7 29. Kf2 Rc4 30. Rxc4 dxc4 {[%emt 0:01:22] KR-KR} 31. Rd1 $2 {[%emt 0:00:45][%mdl 8192] Now White is beyond hope.} (31. Ke2 $17 {is more resistant.}) 31... b4 $19 {[%emt 0:00:17] Hoping for ...c3.} 32. Rc1 {[%emt 0:09:03] [#]} (32. Ke3 $142 c3 33. bxc3) 32... c3 $1 33. bxc3 (33. Rb1 c2) 33... b3 {[%emt 0:00:10] And now ...b2 would win.} 34. Rb1 Rb8 35. Ke3 a3 {[%emt 0:00:07] ( -> ...b2)} 36. Kd2 a2 37. Kc1 {[%emt 0:00:37] [#]} b2+ $1 {[%emt 1:14:45][%mdl 512] Weighted Error Value: White=1.00/Black=0.10 (very precise) .  Loses game:     	White=1     	---        Mistake:       	White=3     	Black=1      Inaccurate:     	White=3     	Black=2      OK:         	White=8     	Black=5      Best:        	White=1     	Black=3      Brilliant:      	---       	Black=1} 0-1

[Event "MCC Labor Day Schev 2024"]
[Site "New York"]
[Date "2024.09.02"]
[Round "9.3"]
[White "Stern, Kevin B"]
[Black "Rohde, Michael"]
[Result "0-1"]
[ECO "A36"]
[WhiteElo "1920"]
[BlackElo "2280"]
[Annotator "RC"]
[PlyCount "62"]
[EventDate "2024.08.28"]
[EventType "schev"]
[EventCountry "USA"]
[SourceTitle "playchess.com"]
[Source "ChessBase"]
[SourceQuality "1"]
[TimeControl "5400+30"]

1. c4 c5 2. g3 g6 3. Bg2 Bg7 4. Nc3 Nc6 5. d3 d6 6. Qd2 e5 7. b3 Nge7 8. Bb2 Rb8 9. e3 a6 10. Nge2 O-O 11. O-O b5 12. Nd5 Nxd5 13. cxd5 Ne7 14. d4 cxd4 15. exd4 Bb7 16. dxe5 dxe5 17. Rfd1 Nf5 18. Nc3 Re8 19. h4 Nd4 20. Rac1 Rc8 21. Ne2 Rxc1 22. Rxc1 Bxd5 23. Nxd4 exd4 24. Rd1 Bxg2 25. Kxg2 Qd5+ 26. Kh2 Qf3 27. Bxd4 Rd8 28. Qb2 Qxd1 29. Bxg7 Rd2 30. Qf6 Qf1 31. Qc3 Rd4 0-1

[Event "MCC Labor Day Schev 2024"]
[Site "New York"]
[Date "2024.09.03"]
[Round "9.4"]
[White "Almeida Saenz, Alfonso"]
[Black "Mottola, Max"]
[Result "0-1"]
[ECO "E57"]
[WhiteElo "2202"]
[BlackElo "2103"]
[Annotator "RC"]
[PlyCount "80"]
[EventDate "2024.08.28"]
[EventType "schev"]
[EventCountry "USA"]
[SourceTitle "playchess.com"]
[Source "ChessBase"]
[SourceQuality "1"]
[TimeControl "5400+30"]

1. d4 d5 2. c4 e6 3. Nc3 Nf6 4. Bg5 dxc4 5. e3 c5 6. Bxc4 cxd4 7. exd4 Be7 8. Nf3 O-O 9. O-O Nc6 10. Re1 a6 11. a3 b5 12. Ba2 Bb7 13. Rc1 b4 14. axb4 Nxb4 15. Bb1 Nfd5 16. h4 Rc8 17. Qd2 Nxc3 18. bxc3 Bxf3 19. gxf3 Nd5 20. c4 Nb6 21. Qd3 g6 22. Bh6 Re8 23. h5 Bg5 24. hxg6 hxg6 25. Bxg5 Qxg5+ 26. Kf1 Nd5 27. f4 Nxf4 28. Qf3 Kg7 29. Re4 Nd5 30. Rc2 Nf6 31. Rf4 e5 32. dxe5 Qxe5 33. Rc1 Rh8 34. Re1 Rh1+ 35. Qxh1 Qxf4 36. Qh3 Rh8 37. Qc3 Rh2 38. Qg3 Rh1+ 39. Ke2 Rxe1+ 40. Kxe1 Qc1+ 0-1

[Event "MCC Labor Day Schev 2024"]
[Site "New York"]
[Date "2024.09.03"]
[Round "9.5"]
[White "Podavonov, Alisher"]
[Black "Hoffman, Luc"]
[Result "1/2-1/2"]
[ECO "B40"]
[WhiteElo "2140"]
[BlackElo "2067"]
[Annotator "NA RC"]
[PlyCount "99"]
[EventDate "2024.08.28"]
[EventType "schev"]
[EventCountry "USA"]
[SourceTitle "playchess.com"]
[Source "ChessBase"]
[SourceQuality "1"]
[TimeControl "5400+30"]

1. e4 c5 2. Nf3 e6 3. d3 g6 4. d4 cxd4 5. Qxd4 Nf6 6. Bg5 {[%emt 0:08:57] B40: Sicilian: 2...e6, Unusual lines.} Be7 7. Nc3 Nc6 8. Qd2 d5 9. Bb5 O-O 10. Bxc6 bxc6 11. e5 Nd7 12. Bxe7 Qxe7 13. O-O Kg7 14. Rfe1 Rb8 15. b3 c5 16. Na4 Bb7 17. c3 a5 18. Qf4 Bc6 19. Nb2 c4 20. Nd4 Ba8 21. Qd2 cxb3 22. axb3 Nc5 23. Qc2 Qb7 24. Ra3 Rfc8 25. f3 Qc7 26. Re3 Qb6 27. Na4 Nxa4 $11 28. Rxa4 Bc6 29. Ra2 Bd7 30. f4 Rc7 31. Qd2 Ra7 32. Ra3 Qc5 33. Qa2 a4 34. bxa4 Rba8 35. Qb2 Rxa4 36. Rxa4 Rxa4 37. Kf2 Qc4 38. Kg3 Qf1 39. Qf2 Qb1 40. Re2 Ra3 41. Qe3 Bb5 42. Re1 Qb2 43. Rc1 Bd3 44. Nf3 Rxc3 45. Rxc3 Qxc3 46. Qd2 Qc4 47. Qa5 Qc8 48. Qb4 Be4 49. Ng5 Qc2 50. Nxe6+ 1/2-1/2

[Event "MCC Labor Day Schev 2024"]
[Site "New York"]
[Date "2024.09.02"]
[Round "9.6"]
[White "Patel, Maahir M"]
[Black "Martin Del Campo Cardenas, Roberto Abel"]
[Result "0-1"]
[ECO "B32"]
[WhiteElo "2005"]
[BlackElo "2216"]
[Annotator "TA"]
[PlyCount "94"]
[EventDate "2024.08.28"]
[EventType "schev"]
[EventCountry "USA"]
[SourceTitle "playchess.com"]
[Source "ChessBase"]
[SourceQuality "1"]
[TimeControl "5400+30"]

1. e4 c5 2. Nf3 Nc6 3. d4 cxd4 4. Nxd4 e5 5. Nb5 d6 6. c4 Be7 7. N1c3 a6 8. Na3 Be6 9. Be3 Bg5 10. Bxg5 Qxg5 11. Nc2 Nge7 12. Qd2 {[%emt 0:03:54] White is slightly better.} (12. Qxd6 $2 Rd8 $19) 12... Qxd2+ 13. Kxd2 f5 14. f3 O-O 15. Ne3 Rac8 16. Bd3 g6 17. Rhf1 Nd4 18. b3 Kg7 19. Ned5 Nxd5 20. cxd5 (20. exd5 {simplifies} Bd7 21. f4 Rfe8 22. Rac1) 20... Bd7 21. Ne2 (21. Rac1 {is interesting.} Kf6 22. f4 Nb5 23. Nxb5 axb5 24. exf5 Rxc1 25. fxe5+ Kxe5 26. Rxc1 Bxf5 27. Bxb5 Be4 28. Rc7) 21... Nxe2 22. Bxe2 fxe4 23. fxe4 Rf4 24. Bd3 Rcf8 25. Rxf4 exf4 $11 {[%emt 0:00:00][%mdl 4096] Endgame. KRB-KRB} 26. Rc1 Rc8 {[%emt 0:00:00] Prevents Rc7. And now ...Rxc1 would win.} 27. Rf1 g5 28. g3 Bh3 29. Rf2 (29. Rf3 $11 fxg3 30. hxg3) 29... Rf8 $17 30. gxf4 Rxf4 31. Re2 Bg4 32. Rg2 (32. Re1 $142) 32... Kf6 33. Ke3 Ke5 34. Rg3 {[%emt 0:00:21] [#]} (34. h3 $17 Rf3+ (34... Bxh3 $2 {too greedy.} 35. Rxg5+ $18) 35. Kd2 Bxh3 (35... Kd4 $2 36. Be2 $18) 36. Rxg5+ Kd4 37. Bc2) 34... h6 $1 $19 35. a4 Bd1 36. a5 Bxb3 (36... Rh4 $19 {has better winning chances.} 37. h3 Bh5 (37... Bxb3 $2 38. Kd2 $19)) 37. Rh3 {[%emt 0:00:06] This move loses the game for White.} (37. Rg1 $17 Ba4 (37... Rh4 38. Rb1 $15) 38. Rb1) 37... Rf6 38. Rg3 {[%emt 0:00:37][%cal Oh2h4] [#]} Bd1 $1 39. h4 (39. Kd2 {was worth a try.} Bh5 40. Rh3) 39... gxh4 40. Rg7 (40. Rg1 $142 Bh5 (40... Rf3+ $2 41. Kd2 $19) 41. Be2) 40... Rf3+ 41. Kd2 Kd4 42. Bb1 {[%emt 0:00:03] [#]} h3 $1 43. Rg1 (43. e5 Rf1) 43... h2 (43... Rf2+ $142 44. Kxd1 h2 45. Rh1 Rg2 46. Rxh2 Rxh2 47. Bc2 Rxc2 48. Kxc2 Kxe4 49. Kd2 Kxd5 50. Ke3 Ke5 51. Kf3 d5 52. Kg4 d4 53. Kg3 h5 54. Kg2 h4 55. Kf3 h3 56. Kg3 d3 57. Kf3 h2 58. Ke3 h1=Q (58... h1=R {leads to mate.} 59. Kxd3 Rh3+ 60. Ke2 Kd4 61. Kf2 Ke4 62. Ke2 Rh2+ 63. Ke1 Kd3 64. Kf1 Ke3 65. Kg1 Rf2 66. Kh1 Kf3 67. Kg1 Kg3 68. Kh1 Rf1#) 59. Kxd3 Qc1 60. Ke2 Kf4 61. Kd3 Qb2 62. Kc4 Ke4 63. Kc5 Qd4#) 44. Rxd1 {[%emt 0:00:09] Black is clearly winning.} Rf2+ 45. Ke1+ Ke3 46. Rd3+ Kf4 $1 {[%emt 0:00:04] ( -> ...Rf3)} 47. Rh3 Rg2 {[%emt 0:00:08] Weighted Error Value: White=0.77/Black=0.27 (precise) .  Mistake:       	White=6     	Black=1      Inaccurate:     	White=6     	Black=1      OK:         	White=9     	Black=10     Best:        	---       	Black=4      Strong:       	---       	Black=2} 0-1

[Event "MCC Labor Day Schev 2024"]
[Site "New York"]
[Date "2024.09.03"]
[Round "9.7"]
[White "Nasta, Kiren Vivek"]
[Black "Sloan, Jed"]
[Result "0-1"]
[ECO "B48"]
[WhiteElo "2148"]
[BlackElo "2039"]
[Annotator "TA"]
[PlyCount "66"]
[EventDate "2024.08.28"]
[EventType "schev"]
[EventCountry "USA"]
[SourceTitle "playchess.com"]
[Source "ChessBase"]
[SourceQuality "1"]
[TimeControl "5400+30"]

1. e4 c5 2. Nf3 a6 3. Nc3 e6 4. d4 cxd4 5. Nxd4 Qc7 6. Be3 Nc6 (6... Nf6 $11) 7. Qf3 Bd6 8. O-O-O Be5 $1 9. Nxc6 {[%emt 0:00:12] White is slightly better.} bxc6 10. Bd4 Bxd4 11. Rxd4 Nf6 12. Qe3 e5 13. Rd1 {[%emt 0:01:05] Threatens to win with Qc5.} O-O 14. Bc4 d6 {[%emt 0:04:15] Repels Qc5} 15. f3 Be6 16. Bb3 Rfd8 17. Rhe1 Nd7 18. h4 Nc5 19. h5 Nxb3+ 20. axb3 f6 21. h6 d5 22. Qc5 d4 23. Na4 ({Better is} 23. Nb1 $15) 23... Rab8 24. hxg7 (24. Qa3 $1 $15) 24... Rb5 $17 25. Qa3 c5 {[%emt 0:00:00][%cal Oc5c4] Black is more active.} 26. c4 $2 {[%emt 0:00:00] [#] This move loses the game for White.} (26. g4 $17 {might work better.}) 26... Rb4 27. Kd2 $2 (27. Kc2) 27... Rdb8 $19 28. Ke2 Qxg7 29. Nxc5 Qxg2+ 30. Kd3 {[%emt 0:00:00] [#]} Bxc4+ $1 {[%emt 0:00:00][%mdl 512] Black mates.} 31. bxc4 Qxf3+ 32. Kc2 Rxb2+ 33. Qxb2 Qf2+ {[%emt 0:00:00] Weighted Error Value: White=0.85/Black=0.13 (very precise) .  Loses game:     	White=1     	---        Mistake:       	White=3     	---        Inaccurate:     	White=3     	Black=2      OK:         	White=3     	Black=8      Best:        	---       	Black=1      Strong:       	---       	Black=1} 0-1

[Event "MCC Labor Day Schev 2024"]
[Site "New York"]
[Date "2024.09.03"]
[Round "9.8"]
[White "Zhao, Alex"]
[Black "Khodzhamkuliev, Bahadur"]
[Result "1/2-1/2"]
[ECO "A38"]
[WhiteElo "2043"]
[BlackElo "2187"]
[Annotator "TA"]
[PlyCount "33"]
[EventDate "2024.08.28"]
[EventType "schev"]
[EventCountry "USA"]
[SourceTitle "playchess.com"]
[Source "ChessBase"]
[SourceQuality "1"]
[TimeControl "5400+30"]

1. Nf3 d6 2. g3 c5 3. Bg2 Nc6 4. O-O Nf6 5. c4 g6 6. Nc3 Bg7 7. a3 O-O 8. Rb1 Bf5 9. d3 Nd7 10. Bd2 {[%emt 0:04:55] White is slightly better.} a5 11. Qc1 Rb8 12. Bh6 Bg4 13. Bxg7 Kxg7 14. h3 Bxf3 15. Bxf3 e6 16. Nb5 Qe7 17. Qc3+ {[%emt 0:03:45] Weighted Error Value: White=0.02 (flawless) /Black=0.05 (flawless) .  Inaccurate:     	---       	Black=1      OK:         	White=3     	Black=2} 1/2-1/2

[Event "MCC Labor Day Schev 2024"]
[Site "New York"]
[Date "2024.09.02"]
[Round "9.9"]
[White "Zaderman, Vitaly"]
[Black "Aravindakshan, Sahana"]
[Result "1/2-1/2"]
[ECO "A68"]
[WhiteElo "2093"]
[BlackElo "2003"]
[Annotator "TA"]
[PlyCount "39"]
[EventDate "2024.08.28"]
[EventType "schev"]
[EventCountry "USA"]
[SourceTitle "playchess.com"]
[Source "ChessBase"]
[SourceQuality "1"]
[TimeControl "5400+30"]

1. d4 Nf6 2. c4 g6 3. Nc3 Bg7 4. e4 d6 5. f4 O-O 6. Nf3 c5 7. d5 e6 8. Be2 exd5 9. cxd5 Bg4 10. O-O Nbd7 11. Nd2 Bxe2 12. Qxe2 Re8 13. Qf3 a6 14. a4 $1 Rb8 15. Nc4 Qe7 16. Re1 Qf8 {[%emt 0:15:47] With the idea ...b5.} ({But not} 16... b5 $6 17. axb5 axb5 18. Na5 $16) 17. a5 b5 18. axb6 Nxb6 19. Ne3 Ra8 20. Bd2 {[%emt 0:06:27] Not much happened in this game.   Weighted Error Value: White=0.05 (flawless) /Black=0.10 (very precise) .  Inaccurate:     	---       	Black=1      OK:         	White=2     	Black=3      Best:        	White=1     	---} 1/2-1/2